 Dungeon Crawl Stone Soup version 0.32-a0-520-g344ed53f66 (webtiles) character file.

Game seed: 12097392647964153681

507 sleeves the Grappler (level 6, -13/47 HPs)
             Began as a Draconian Shapeshifter on Feb 27, 2024.
             Was a Believer of Cheibriados.
             Mangled by a mummy (16 damage)
             ... in an ossuary.
             The game lasted 00:03:19 (2686 turns).

sleeves the Grappler (Draconian Shapeshifter)       Turns: 2686, Time: 00:03:19

Health: -13/47     AC:  6    Str: 23    XL:     6   Next: 97%
Magic:  0/6        EV: 11    Int: 14    God:    Cheibriados [**....]
Gold:   168        SH:  5    Dex: 14    Spells: 5/5 levels left

rFire   . .          .
                       - Unarmed
rCold   . . .        k - +1 buckler
rNeg    . . .        (body armour unavailable)
rPois   .            (helmet currently unavailable)
rElec   .            (cloak currently unavailable)
rCorr   .            (gloves currently unavailable)
SInv    .            (boots currently unavailable)
Will    .....        g - amulet of guardian spirit
Stlth   +            (no ring)
HPRegen 0.27/turn    (no ring)
MPRegen 0.10/turn

%: guardian spirit
@: beast-form, weak-willed, very slow
A: beast (slay +1), AC +6, unfitting armour, cold-blooded
a: Begin Untransformation, Renounce Religion, Bend Time


You were in an ossuary.
You worshipped Cheibriados.
Cheibriados was pleased with you.
You were a hulking beast.
You visited 1 branch of the dungeon, and saw 4 of its levels.
You also visited: Ossuary.

You collected 168 gold pieces.

Inventory:

Armour
 h - a +0 pair of boots
   (You found it on level 1 of the Dungeon)
 k - a +1 buckler (worn)
   (You found it on level 1 of the Dungeon)
 l - a +0 kite shield
   (You found it on level 1 of the Dungeon)
Jewellery
 g - an amulet of guardian spirit (around neck)
   (You found it on level 1 of the Dungeon)
 u - an amulet of regeneration
   (You found it on level 2 of the Dungeon)
Talismans
 b - a beast talisman (active)
 c - a flux talisman
Wands
 a - a wand of polymorph (4)
   (You found it on level 3 of the Dungeon)
 t - a wand of charming (8)
   (You found it on level 2 of the Dungeon)
Scrolls
 f - 4 scrolls of identify {unknown}
 m - a scroll of fear {unknown}
 o - 5 scrolls of teleportation {unknown}
 p - a scroll of fog {unknown}
Potions
 d - 4 potions of curing {unknown}
 i - 3 potions of enlightenment {unknown}
 j - 2 potions of brilliance {unknown}
 n - a potion of cancellation {unknown}
 q - a potion of resistance {unknown}
 r - 2 potions of magic {unknown}
 w - a potion of haste {unknown}


   Skills:
 - Level 1.1 Fighting
 - Level 1.7 Dodging
 + Level 8.0 Unarmed Combat
 - Level 3.0 Shapeshifting


You had 5 spell levels left.
You didn't know any spells.
Your spell library contained the following spells:

 Spells                   Type           Power      Damage    Failure   Level
 Lesser Beckoning         Tloc           0%         N/A       47%         2
 Gell's Gravitas          Tloc           0%         N/A       71%         3
 Teleport Other           Tloc           0%         N/A       71%         3


Dungeon Overview and Level Annotations

Branches:
Dungeon (4/15)            Ossuary (1/1)
 Temple: D:4-7

Altars:
Cheibriados
Qazlal


Innate Abilities, Weirdness & Mutations

You are a hulking beast.
Your limbs bulge with bestial killing power. (Slay +1)
Your plain brown scales are hard. (AC +6)
You cannot fit into any form of body armour.
You are cold-blooded and may be slowed by cold attacks.


Message History

You kill the hobgoblin!
Cheibriados appreciates the change of pace.
The rat misses you. The rat closely misses you.
You punch the frilled lizard!
You kill the frilled lizard!
Cheibriados appreciates the change of pace.
You barely miss the rat. The rat bites you.
You hit the ball python.
You kill the ball python!
Cheibriados appreciates the change of pace.
You block the rat's attack.
You hit the rat but do no damage.
Your tail-slap misses the rat.
The rat bites you.
You barely miss the rat. The rat barely misses you.
You barely miss the rat. The rat barely misses you.
You hit the rat.
The rat is heavily wounded.
The rat bites you but does no damage.
You barely miss the rat.
The rat is heavily wounded.
You block the rat's attack.
You barely miss the rat.
The rat is heavily wounded.
You block the rat's attack.
You hit the rat but do no damage. You tail-slap the rat.
You kill the rat!
Cheibriados appreciates the change of pace.
Your Unarmed Combat skill increases to level 5!
No target in view!
No target in view!
No target in view!
No target in view!
No target in view!
No target in view!
No target in view!
No target in view!
No target in view!
No target in view!
No target in view!
No target in view!
r - a golden potion
There is an open door here.
A ball python comes into view.
A ball python is nearby!
The ball python hisses angrily.
The ball python bites you but does no damage.
The ball python closely misses you.
You hit the ball python but do no damage.
The ball python bites you but does no damage.
The ball python misses you.
You hit the ball python.
You kill the ball python!
Cheibriados appreciates the change of pace.
No target in view!
No target in view!
No target in view!
No target in view!
No target in view!
No target in view!
No target in view!
You see here a ball python corpse.
You open the door.
There is an open door here.
s - a scroll labelled ANEPUM VAETH An adder, 2 bats and a goblin come into view.
Found a rapier.
The adder hisses angrily.
The goblin shouts!
The bat barely misses you.
There are monsters nearby!
You miss the adder. You tail-slap the adder.
The adder is heavily wounded.
The bat hits you but does no damage. The adder bites you.
You closely miss the adder.
The adder is heavily wounded.
The bat closely misses you. x2; The bat hits you but does no damage.
The adder barely misses you.
You closely miss the adder.
The adder is heavily wounded.
You block the bat's attack. The bat completely misses you.
You block the adder's attack. The bat barely misses you.
The adder barely misses you.
You punch the adder!
You kill the adder!
Cheibriados appreciates the change of pace.
The bat hits you but does no damage. The bat hits you.
You hit the bat.
You kill the bat!
Cheibriados thoroughly appreciates the change of pace.
The bat hits you but does no damage.
You hit the goblin.
You kill the goblin!
Cheibriados appreciates the change of pace.
You block the bat's attack. The bat closely misses you. x2
You hit the bat.
You kill the bat!
Cheibriados thoroughly appreciates the change of pace.
No target in view!
No target in view!
No target in view!
No target in view!
No target in view!
No target in view!
No target in view!
No target in view!
No target in view!
No target in view!
No target in view!
No target in view!
No target in view!
No target in view!
There is an open door here.
You now have 97 gold pieces (gained 13).
There is a stone staircase leading up here.
Found a dagger.
You see here a +0 dagger.
Found an escape hatch in the floor.
There is an escape hatch in the floor here.
There is an escape hatch in the floor here.
You see here a hobgoblin skeleton.
You see here a ball python skeleton.
You open the door.
There is an open door here.
A gnoll comes into view. It is wielding a +0 spear.
The gnoll shouts!
A giant cockroach comes into view.
Found a wooden wand and a sling.
The gnoll hits you from afar with a +0 spear. x2
Found a golden potion.
The giant cockroach bites you but does no damage.
You block the gnoll's attack.
The giant cockroach bites you but does no damage.
You punch the gnoll!
Your tail-slap misses the gnoll.
The gnoll is heavily wounded.
The gnoll hits you with a +0 spear.
The giant cockroach bites you but does no damage.
You closely miss the gnoll.
You tail-slap the gnoll, but do no damage.
The gnoll is heavily wounded.
The giant cockroach barely misses you. The gnoll hits you with a +0 spear.
You are too injured to fight recklessly!
You are too injured to fight recklessly!
You are too injured to fight recklessly!
You are too injured to fight recklessly!
You are too injured to fight recklessly!
You are too injured to fight recklessly!
You are too injured to fight recklessly!
You are too injured to fight recklessly!
You are too injured to fight recklessly!
You are too injured to fight recklessly!
You are too injured to fight recklessly!
You are too injured to fight recklessly!
You are too injured to fight recklessly!
You are too injured to fight recklessly!
You are too injured to fight recklessly!
You are too injured to fight recklessly!
You are too injured to fight recklessly!
You are too injured to fight recklessly!
You are too injured to fight recklessly!
You are too injured to fight recklessly!
You are too injured to fight recklessly!
You barely miss the gnoll.
The gnoll is heavily wounded.
The giant cockroach bites you but does no damage.
The gnoll hits you with a +0 spear.
* * * LOW HITPOINT WARNING * * *
You barely miss the gnoll.
The gnoll is heavily wounded.
The giant cockroach barely misses you. The gnoll barely misses you.
You punch the gnoll!
You kill the gnoll!
Cheibriados appreciates the change of pace.
You can now bend time to slow others.
Cheibriados raises the support of your attributes as your movement slows.
The giant cockroach barely misses you.
The giant cockroach bites you but does no damage.
You barely miss the giant cockroach.
Your tail-slap misses the giant cockroach.
The giant cockroach bites you but does no damage.
You barely miss the giant cockroach. The giant cockroach bites you.
* * * LOW HITPOINT WARNING * * *
You hit the giant cockroach.
The giant cockroach is moderately wounded.
The giant cockroach bites you but does no damage.
You hit the giant cockroach.
You kill the giant cockroach!
Cheibriados appreciates the change of pace.
You start resting.
Magic restored.
Nothing quivered!
Nothing quivered!
HP restored.
r - 2 golden potions (gained 1)
t - a wand of charming (8)
You see here a +0 spear.
u - an amulet of regeneration
There is an open door here.
You open the door.
There is an open door here.
A bat comes into view.
A bat is nearby!
A bat is nearby!
A bat is nearby!
A bat is nearby!
A bat is nearby!
A bat is nearby!
You block the bat's attack. The bat barely misses you.
You closely miss the bat. The bat hits you but does no damage.
The bat barely misses you.
You punch the bat!
You kill the bat!
Cheibriados thoroughly appreciates the change of pace.
No target in view!
No target in view!
No target in view!
No target in view!
No target in view!
No target in view!
No target in view!
No target in view!
No target in view!
No target in view!
No target in view!
No target in view!
No target in view!
You see here a bat corpse.
A rat, a ball python and an endoplasm come into view.
Found 6 gold pieces.
The rat squeaks loudly.
The ball python hisses angrily.
The rat moves out of view.
The endoplasm quivers.
There are monsters nearby!
There are monsters nearby!
The ball python bites you. The ball python grabs you.
The ball python constricts you.
You punch the ball python!
You kill the ball python!
Cheibriados thoroughly appreciates the change of pace.
You block the rat's attack. The rat bites you.
You punch the rat!
You kill the rat!
Cheibriados appreciates the change of pace.
The endoplasm freezes you.
You are frozen.
You barely miss the endoplasm. The endoplasm completely misses you.
You barely miss the endoplasm. You hit the endoplasm.
The endoplasm is moderately wounded.
The endoplasm misses you.
You punch the endoplasm!
You kill the endoplasm!
Cheibriados appreciates the change of pace.
No target in view!
No target in view!
No target in view!
No target in view!
No target in view!
You see here a rat corpse.
You now have 103 gold pieces (gained 6).
Done exploring.
Done exploring.
No target in view!
No target in view!
No target in view!
No target in view!
Done exploring.
Done exploring.
You see here a rat corpse.
You see here a bat corpse.
There is an open door here.
There is a stone staircase leading down here.
You climb downwards.
There is a stone staircase leading up here.
Found a stone staircase leading up.
A quokka and an endoplasm come into view.
There are monsters nearby!
A malevolent force fills the Dungeon... and a teleportation trap spontaneously manifests!
You are yanked towards some nearby monsters!
Your surroundings seem slightly different.
The endoplasm quivers.
The quokka barely misses you.
You punch the quokka!
You kill the quokka!
Cheibriados appreciates the change of pace.
Found a stone staircase leading down.
You hit the endoplasm. You tail-slap the endoplasm.
You kill the endoplasm!
Cheibriados appreciates the change of pace.
No target in view!
No target in view!
No target in view!
No target in view!
No target in view!
No target in view!
No target in view!
No target in view!
No target in view!
No target in view!
No target in view!
No target in view!
No target in view!
No target in view!
You now have 116 gold pieces (gained 13).
Found a stone staircase leading up.
v - a scroll labelled RIL CEFREBRUT
Found a helmet.
No target in view!
No target in view!
No target in view!
No target in view!
No target in view!
No target in view!
No target in view!
No target in view!
No target in view!
No target in view!
Found a leather armour.
No target in view!
No target in view!
No target in view!
No target in view!
No target in view!
No target in view!
No target in view!
No target in view!
A dart slug comes into view.
A dart slug is nearby!
A dart slug is nearby!
Found a book of Displacement.
The dart slug launches a dart at you.
The slug dart hits you but does no damage.
A giant cockroach comes into view.
The dart slug launches a dart at you.
The slug dart is repelled.
You hit the dart slug.
The dart slug is severely wounded.
The dart slug closely misses you.
You punch the dart slug!
You kill the dart slug!
The giant cockroach waves its antennae.
The giant cockroach barely misses you.
You closely miss the giant cockroach. The giant cockroach closely misses you.
You completely miss the giant cockroach.
You tail-slap the giant cockroach, but do no damage.
The giant cockroach bites you but does no damage.
You hit the giant cockroach but do no damage.
The giant cockroach barely misses you.
You barely miss the giant cockroach. The giant cockroach closely misses you.
You hit the giant cockroach but do no damage.
You block the giant cockroach's attack. The giant cockroach barely misses you.
A giant cockroach is nearby!
A giant cockroach is nearby!
A giant cockroach is nearby!
You hit the giant cockroach.
You tail-slap the giant cockroach, but do no damage.
The giant cockroach is almost dead.
The giant cockroach bites you but does no damage.
You barely miss the giant cockroach.
The giant cockroach is almost dead.
The giant cockroach misses you.
You closely miss the giant cockroach.
The giant cockroach is almost dead.
The giant cockroach barely misses you.
You closely miss the giant cockroach.
The giant cockroach is almost dead.
The giant cockroach bites you.
You hit the giant cockroach but do no damage.
The giant cockroach is almost dead.
The giant cockroach barely misses you.
You punch the giant cockroach!
You kill the giant cockroach!
Cheibriados appreciates the change of pace.
No target in view!
No target in view!
No target in view!
No target in view!
HP restored.
Magic restored.
You now have 126 gold pieces (gained 10).
f - 4 scrolls labelled VUWOFFOTYE (gained 1)
You pick up a book of Displacement and begin reading...
You add the spells Lesser Beckoning, Gell's Gravitas and Teleport Other to your library.
A quokka comes into view.
A quokka is nearby!
You closely miss the quokka. The quokka bites you.
You hit the quokka.
The quokka is lightly wounded.
The quokka bites you but does no damage.
You completely miss the quokka.
The quokka is lightly wounded.
The quokka bites you but does no damage.
You hit the quokka.
You kill the quokka!
Cheibriados appreciates the change of pace.
No target in view!
No target in view!
No target in view!
No target in view!
No target in view!
No target in view!
No target in view!
No target in view!
No target in view!
No target in view!
No target in view!
No target in view!
You see here a quokka corpse.
Found an escape hatch in the ceiling.
There is a stone staircase leading up here.
A sky beast comes into view.
Found a stormy altar of Qazlal.
A sky beast is nearby!
There is a stone staircase leading up here.
Your transformation has ended.
You turn into a tree.
Your roots penetrate the ground.
You hit the sky beast.
The sky beast is lightly wounded.
The sky beast hits you. The sky beast shocks you.
You closely miss the sky beast.
The sky beast is lightly wounded.
The sky beast hits you but does no damage.
You closely miss the sky beast.
The sky beast is lightly wounded.
The sky beast hits you but does no damage.
You smack the sky beast!
The sky beast is moderately wounded.
The sky beast hits you but does no damage.
You smack the sky beast!
The sky beast is heavily wounded.
The sky beast hits you but does no damage.
You smack the sky beast!
You kill the sky beast!
Cheibriados appreciates the change of pace.
Cheibriados raises the support of your attributes as your movement slows.
Your Unarmed Combat skill increases to level 6!
You have reached level 5!
You start resting.
Your transformation is almost over.
HP restored.
You start resting.
You feel less wooden.
You turn into a hulking beast.
Found a stone staircase leading down.
There is a stone staircase leading up here.
A giant cockroach comes into view.
A giant cockroach is nearby!
The giant cockroach closely misses you. The giant cockroach barely misses you.
You closely miss the giant cockroach.
The giant cockroach bites you but does no damage.
You punch the giant cockroach!
You kill the giant cockroach!
Cheibriados appreciates the change of pace.
No target in view!
No target in view!
No target in view!
No target in view!
No target in view!
You see here a giant cockroach corpse.
a - a wand of polymorph (4)
Found a great sword.
Found an escape hatch in the floor.
No target in view!
No target in view!
No target in view!
No target in view!
No target in view!
No target in view!
No target in view!
No target in view!
No target in view!
A bat comes into view.
Found a hand axe.
A bat is nearby!
A bat is nearby!
The bat closely misses you. The bat hits you but does no damage.
You closely miss the bat. You tail-slap the bat.
The bat is severely wounded.
The bat closely misses you.
You closely miss the bat.
The bat is severely wounded.
You block the bat's attack. The bat hits you but does no damage.
The bat hits you but does no damage. x2
You closely miss the bat.
The bat is heavily wounded.
The bat hits you but does no damage. The bat hits you but does no damage.
You barely miss the bat.
Your tail-slap misses the bat.
The bat is moderately wounded.
The bat closely misses you. The bat hits you but does no damage.
The bat hits you.
A bat is nearby!
A bat is nearby!
You miss the bat. You tail-slap the bat.
The bat is severely wounded.
The bat closely misses you. The bat barely misses you.
The bat hits you but does no damage. The bat misses you.
The bat hits you but does no damage. The bat barely misses you.
You punch the bat!
You kill the bat!
Cheibriados thoroughly appreciates the change of pace.
No target in view!
No target in view!
No target in view!
No target in view!
No target in view!
No target in view!
No target in view!
No target in view!
w - a black potion An adder comes into view.
An adder is nearby!
Found an orcbow.
The adder hisses angrily.
The adder barely misses you.
You closely miss the adder. The adder closely misses you.
You completely miss the adder. You block the adder's attack.
You punch the adder!
Your tail-slap misses the adder.
The adder is almost dead.
The adder misses you.
You closely miss the adder.
The adder is almost dead.
You block the adder's attack. The adder closely misses you.
You hit the adder.
You kill the adder!
Cheibriados appreciates the change of pace.
No target in view!
No target in view!
No target in view!
No target in view!
No target in view!
No target in view!
No target in view!
Found a robe.
A frilled lizard comes into view.
The frilled lizard hisses angrily.
You hit the frilled lizard.
You kill the frilled lizard!
Cheibriados appreciates the change of pace.
No target in view!
No target in view!
You see here a +0 mace of protection.
You now have 136 gold pieces (gained 10).
You see here a +0 mace of protection.
Found a stone staircase leading down.
A ball python comes into view.
The ball python barely misses you. The ball python grabs you.
The ball python constricts you.
You barely miss the ball python. You block the ball python's attack.
The ball python constricts you.
You barely miss the ball python. The ball python bites you.
The ball python constricts you. You block the ball python's attack.
The ball python constricts you.
You punch the ball python!
You kill the ball python!
Cheibriados appreciates the change of pace.
No target in view!
No target in view!
No target in view!
HP restored.
d - 4 dark potions (gained 1)
Found 7 stones.
A bat comes into view.
You block the bat's attack. The bat hits you.
You punch the bat!
You kill the bat!
Cheibriados thoroughly appreciates the change of pace.
No target in view!
No target in view!
No target in view!
No target in view!
No target in view!
No target in view!
No target in view!
No target in view!
You see here 7 stones.
Done exploring.
Done exploring.
No target in view!
No target in view!
No target in view!
No target in view!
No target in view!
Done exploring.
Done exploring.
There is a stone staircase leading down here.
You climb downwards.
You hear the hiss of flowing sand.
There is an entrance to an ossuary on this level.
Hurry and find it before the portal is buried!
The hobgoblin shouts!
There is a stone staircase leading up here.
A hobgoblin is nearby!
You barely miss the hobgoblin.
Your tail-slap misses the hobgoblin.
You block the hobgoblin's attack.
You hit the hobgoblin.
You kill the hobgoblin!
Cheibriados appreciates the change of pace.
No target in view!
No target in view!
No target in view!
No target in view!
No target in view!
No target in view!
No target in view!
No target in view!
A goblin comes into view. It is wielding a +0 dagger.
The goblin moves out of view.
Found 8 stones.
The goblin shouts!
A kobold comes into view. It is wielding a +0 dagger.
An endoplasm comes into view.
You completely miss the goblin. The goblin closely misses you.
The kobold shouts!
You punch the goblin!
You kill the goblin!
Cheibriados appreciates the change of pace.
Found 6 gold pieces.
You see here a +0 dagger.
The endoplasm hits you but does no damage.
You hit the endoplasm.
The endoplasm is almost dead.
You hit the endoplasm.
You kill the endoplasm!
Cheibriados appreciates the change of pace.
The kobold closely misses you.
You see here a +0 dagger.
You closely miss the kobold. You block the kobold's attack.
You hit the kobold.
You kill the kobold!
Cheibriados appreciates the change of pace.
No target in view!
No target in view!
No target in view!
No target in view!
No target in view!
No target in view!
No target in view!
Menkaure, Prince of Dust comes into view.
Found a distressingly furry leather armour.
Menkaure is nearby!
Menkaure is nearby!
Menkaure shouts!
Menkaure gestures wildly while chanting.
Menkaure seems to speed up.
Menkaure sighs, "Let me perform the rites..."
Menkaure closely misses you.
You punch Menkaure! You tail-slap Menkaure.
Menkaure is heavily damaged.
Menkaure closely misses you.
You hit Menkaure.
Menkaure is almost destroyed.
Menkaure calls on the powers of darkness!
Your body is wracked with pain!
You are too injured to fight recklessly!
You are too injured to fight recklessly!
You are too injured to fight recklessly!
You are too injured to fight recklessly!
You are too injured to fight recklessly!
You are too injured to fight recklessly!
You are too injured to fight recklessly!
You are too injured to fight recklessly!
You are too injured to fight recklessly!
You hit Menkaure.
You destroy Menkaure!
Your Unarmed Combat skill increases to level 7!
You have reached level 6!
Your scales feel tougher.
You hear the slow hiss of a very distant avalanche of sand.
Magic restored.
HP restored.
You hear the slow hiss of a very distant avalanche of sand.
You now have 142 gold pieces (gained 6).
Found an escape hatch in the floor.
Found a sling.
You hear the slow hiss of a very distant avalanche of sand.
A ball python comes into view.
The ball python hisses angrily.
A ball python is nearby!
A ball python is nearby!
A ball python is nearby!
A ball python is nearby!
A ball python is nearby!
A ball python is nearby!
No target in view!
No target in view!
No target in view!
No target in view!
No target in view!
No target in view!
No target in view!
No target in view!
No target in view!
No target in view!
A ball python is nearby!
You punch the ball python!
You kill the ball python!
Cheibriados thoroughly appreciates the change of pace.
Cheibriados raises the support of your attributes as your movement slows.
No target in view!
No target in view!
No target in view!
No target in view!
No target in view!
No target in view!
No target in view!
No target in view!
You hear the slow hiss of a very distant avalanche of sand.
A quokka comes into view.
A quokka is nearby!
A quokka is nearby!
The quokka closely misses you.
You closely miss the quokka.
The quokka bites you but does no damage.
You hit the quokka.
The quokka is almost dead.
The quokka bites you.
You closely miss the quokka.
The quokka is almost dead.
The quokka twitches its whiskers.
You block the quokka's attack.
You hit the quokka.
You kill the quokka!
Cheibriados appreciates the change of pace.
No target in view!
No target in view!
No target in view!
No target in view!
You hear the hiss of an avalanche of sand nearby.
Found a trident.
You now have 150 gold pieces (gained 8).
A ball python comes into view.
Found an escape hatch in the ceiling.
An iguana comes into view.
You closely miss the ball python.
The iguana hisses angrily.
You punch the ball python!
You kill the ball python!
Cheibriados thoroughly appreciates the change of pace.
Found a plate armour.
You see here a ball python corpse.
You barely miss the iguana. You tail-slap the iguana.
The iguana is lightly wounded.
The iguana bites you.
You punch the iguana!
The iguana is severely wounded.
The iguana bites you.
You hit the iguana.
The iguana is almost dead.
The iguana barely misses you.
You hit the iguana.
You kill the iguana!
Cheibriados appreciates the change of pace.
No target in view!
No target in view!
No target in view!
No target in view!
No target in view!
No target in view!
No target in view!
No target in view!
You see here an iguana corpse.
Found 5 poisoned darts.
x - a scroll labelled RIVEL SI QEIMP You hear the hiss of a very distant avalanche of sand.
A hobgoblin comes into view.
A hobgoblin is nearby!
You punch the hobgoblin!
You kill the hobgoblin!
Cheibriados appreciates the change of pace.
No target in view!
No target in view!
No target in view!
No target in view!
No target in view!
No target in view!
No target in view!
Found a stone staircase leading down.
An endoplasm comes into view.
The endoplasm quivers.
The endoplasm misses you.
You hit the endoplasm. You tail-slap the endoplasm.
You kill the endoplasm!
Cheibriados appreciates the change of pace.
No target in view!
No target in view!
No target in view!
No target in view!
No target in view!
No target in view!
No target in view!
You now have 160 gold pieces (gained 10).
There is a stone staircase leading down here.
You now have 168 gold pieces (gained 8).
Found a war axe.
You hear the brisk hiss of a very distant avalanche of sand.
Found a stone staircase leading down.
No target in view!
No target in view!
No target in view!
No target in view!
No target in view!
No target in view!
No target in view!
You see here a +0 war axe.
You hear the brisk hiss of an avalanche of sand very nearby.
Found a ring mail.
Found a stone staircase leading up and a stone staircase leading down.
You open the door.
Found two escape hatches in the floor.
Found a sand-covered staircase.
There is an open door here.
A phantom comes into view.
Found 2 scrolls labelled DINAWY JAAH.
There is a stone staircase leading down here.
You punch the phantom!
The phantom is moderately damaged.
The phantom hits you.
You hit the phantom.
The phantom is heavily damaged.
You barely miss the phantom.
Your tail-slap misses the phantom.
The phantom is heavily damaged.
The phantom hits you.
You barely miss the phantom.
Your tail-slap misses the phantom.
The phantom is heavily damaged.
The phantom closely misses you.
You miss the phantom.
The phantom is heavily damaged.
The phantom hits you.
You punch the phantom!
The phantom is almost destroyed.
The phantom barely misses you.
You punch the phantom!
You destroy the phantom!
Cheibriados appreciates the change of pace.
No target in view!
No target in view!
No target in view!
Found a spear.
o - 5 scrolls labelled DINAWY JAAH (gained 2)
You open the door.
Found an escape hatch in the floor.
You hear the brisk hiss of an avalanche of sand.
There is an open door here.
There is a sand-covered staircase here.
The world spins around you as you enter the gateway.
You enter an ossuary!
There is an empty arch of ancient stone here.
HP restored.
A mummy comes into view.
A mummy is nearby!
A mummy is nearby!
The mummy barely misses you.
You punch the mummy! You tail-slap the mummy.
The mummy is heavily damaged.
You punch the mummy!
Your tail-slap misses the mummy.
The mummy is almost destroyed.
The mummy misses you.
You punch the mummy!
You destroy the mummy!
No target in view!
No target in view!
No target in view!
No target in view!
No target in view!
No target in view!
No target in view!
You open the door.
A quokka zombie comes into view.
A quokka zombie is nearby!
A quokka zombie is nearby!
A quokka zombie comes into view.
The quokka zombie closely misses you.
The quokka zombie bites you but does no damage.
There is an open door here.
You punch the quokka zombie!
You destroy the quokka zombie!
Cheibriados appreciates the change of pace.
You closely miss the quokka zombie.
Your tail-slap misses the quokka zombie.
You block the quokka zombie's attack.
You hit the quokka zombie.
The quokka zombie is moderately damaged.
The quokka zombie closely misses you.
You hit the quokka zombie.
You destroy the quokka zombie!
Cheibriados appreciates the change of pace.
No target in view!
No target in view!
No target in view!
As you open the door, it creaks loudly!
A centaur zombie comes into view.
A centaur zombie is nearby!
There is an open door here.
You hit the centaur zombie.
The centaur zombie is lightly damaged.
You block the centaur zombie's attack. x2
You hit the centaur zombie.
The centaur zombie is moderately damaged.
The centaur zombie closely misses you. You block the centaur zombie's attack.
You punch the centaur zombie!
The centaur zombie is severely damaged.
The centaur zombie hits you but does no damage.
The centaur zombie kicks you but does no damage.
You punch the centaur zombie!
You destroy the centaur zombie!
Cheibriados thoroughly appreciates the change of pace.
No target in view!
No target in view!
No target in view!
No target in view!
No target in view!
No target in view!
No target in view!
There is an open door here.
There is an open door here.
You open the door.
A hobgoblin zombie comes into view.
The hobgoblin zombie closely misses you.
There is an open door here.
A hobgoblin zombie is nearby!
You barely miss the hobgoblin zombie. You barely miss the hobgoblin zombie.
The hobgoblin zombie barely misses you.
You hit the hobgoblin zombie.
The hobgoblin zombie is moderately damaged.
The hobgoblin zombie hits you but does no damage.
You punch the hobgoblin zombie!
You destroy the hobgoblin zombie!
No target in view!
No target in view!
No target in view!
No target in view!
You open the door.
There is an open door here.
You open the door. 5 mummies come into view.
Found ten items.
Found a gate leading back out of this place.
There are monsters nearby!
Found three items.
There is an open door here.
There is a click, and some walls slide away!
An ogre zombie comes into view.
You punch the mummy! You tail-slap the mummy.
The mummy is severely damaged.
You hit the mummy. You tail-slap the mummy.
The mummy is almost destroyed.
The mummy hits you.
You punch the mummy!
You destroy the mummy!
The mummy hits you! The mummy misses you.
Your Unarmed Combat skill increases to level 8!
You closely miss the mummy. You punch the mummy!
The mummy is moderately damaged.
The mummy hits you but does no damage. The mummy hits you!
* * * LOW HITPOINT WARNING * * *
You are too injured to fight recklessly!
You are too injured to fight recklessly!
You are too injured to fight recklessly!
You are too injured to fight recklessly!
You are too injured to fight recklessly!
You are too injured to fight recklessly!
You are too injured to fight recklessly!
You are too injured to fight recklessly!
You are too injured to fight recklessly!
You are too injured to fight recklessly!
You are too injured to fight recklessly!
You are too injured to fight recklessly!
You are too injured to fight recklessly!
You are too injured to fight recklessly!
You are too injured to fight recklessly!
You are too injured to fight recklessly!
You are too injured to fight recklessly!
Okay, then.
Okay, then.
The mummy attacks as it pursues you! You block the mummy's attack.
There is an open door here.
The ogre zombie closely misses you. The mummy attacks as it pursues you!
The mummy hits you!
* * * LOW HITPOINT WARNING * * *
The mummy attacks as it pursues you! The mummy hits you!
* * * LOW MAGIC WARNING * * *;
* * * LOW HITPOINT WARNING * * *
As you read the scroll labelled ZIOLEX ZODES, it crumbles to dust.
A wave of despondency washes over your surroundings.
It was a scroll of vulnerability.
As you read the scroll labelled RIL CEFREBRUT, it crumbles to dust.
You feel a surge of unholy energy.
It was a scroll of torment.
The mummy hits you but does no damage.
Okay, then.
As you read the scroll labelled RIVEL SI QEIMP, it crumbles to dust.
It is a scroll of enchant armour.
Your +0 buckler glows green for a moment.
As you read the scroll labelled ANEPUM VAETH, it crumbles to dust.
It is a scroll of enchant weapon.
You aren't carrying any weapons that can be enchanted.
The mummy hits you!
You die...
Cheibriados appreciates the motionlessness of death.

...#....... #..#
...#......### #..#
............ #..#
........... +..#
..!/?..... #..#
.?!$?!... #..#
.!$∩$?..########..#
.!?$??..MM...#.'..#
..??!...ZMh..#.#..#
.........M...'.#..#
.............###..#
...#......####.'..#
.. #.........#.#..#
. #....#....'.#..#
#....#....###..#
#....#....# +..#
###### #..#


You could see 4 mummies and an ogre zombie (weak-willed).

Vanquished Creatures
  Menkaure (D:4)
  A sky beast (D:3)
  A phantom (D:4)
  A centaur zombie (Ossuary)
  Terence (D:2)
  An iguana (D:4)
  2 mummies (Ossuary)
  A gnoll (D:2)
  2 adders
  A ribbon worm (D:2)
  4 dart slugs
  6 endoplasms
  6 giant cockroaches
  2 goblins
  10 hobgoblins
  3 jackals (D:1)
  4 kobolds
  4 quokkas
  7 ball pythons
  7 bats
  5 frilled lizards
  A hobgoblin zombie (Ossuary)
  2 quokka zombies (Ossuary)
  3 rats (D:2)
76 creatures vanquished.

Notes
Turn   | Place    | Note
-------+----------+-------------------------------------------
     0 | D:1      | sleeves the Draconian Shapeshifter began the quest for the
                  | Orb.
     0 | D:1      | Reached XP level 1. HP: 16/16 MP: 1/1
   145 | D:1      | Reached XP level 2. HP: 21/23 MP: 2/2
   477 | D:1      | Reached skill level 4 in Unarmed Combat
   757 | D:2      | Noticed Terence
   767 | D:2      | Killed Terence
   768 | D:2      | Reached XP level 3. HP: 28/28 MP: 3/3
   998 | D:2      | Found a snail-covered altar of Cheibriados.
  1008 | D:2      | Became a worshipper of Cheibriados the Contemplative
  1119 | D:2      | Reached XP level 4. HP: 29/35 MP: 4/4
  1219 | D:2      | Reached skill level 5 in Unarmed Combat
  1607 | D:2      | HP: 17/35 [gnoll/+0 spear (3)]
  1609 | D:2      | Reached * piety under Cheibriados
  1958 | D:3      | Found a stormy altar of Qazlal.
  1958 | D:3      | Noticed a sky beast
  1972 | D:3      | Killed a sky beast
  1973 | D:3      | Reached skill level 6 in Unarmed Combat
  1973 | D:3      | Reached XP level 5. HP: 40/40 MP: 5/5
  2268 | D:4      | Noticed Menkaure
  2274 | D:4      | Killed Menkaure
  2275 | D:4      | Reached skill level 7 in Unarmed Combat
  2275 | D:4      | Reached XP level 6. HP: 28/47 MP: 3/6
  2404 | D:4      | Reached ** piety under Cheibriados
  2582 | D:4      | Found a sand-covered staircase.
  2606 | Ossuary  | Entered an ossuary
  2678 | Ossuary  | Reached skill level 8 in Unarmed Combat
  2679 | Ossuary  | HP: 22/47 [mummy (13)]
  2682 | Ossuary  | HP: 1/47 [mummy (14)]
  2686 | Ossuary  | Mangled by a mummy

Illustrated notes

Levels and vault maps discovered:
D:1:      amcnicky_arrival_blooded_trapdoor, layout_loops_cross
D:2:      minmay_razor_zed, layout_loops_ring, basic_altar, uniq_terence
D:3:      layout_rooms, nicolae_qazlal_beasts_of_the_sky
D:4:      layout_cave_pools, nicolae_ossuary_entry_false_entrances,
          serial_forest, infiniplex_forest_clump_long, infiniplex_forest_end_1,
          infiniplex_forest_straight_3, infiniplex_forest_clump_tiny,
          infiniplex_forest_lined_3_way, infiniplex_forest_clump_curved,
          infiniplex_forest_end_3, infiniplex_forest_clump_small,
          infiniplex_forest_lined_2, uniq_menkaure
Ossuary:  ossuary_boxes_badplayer

Skill      XL: |  1  2  3  4  5  6 |
---------------+-------------------+-----
Unarmed Combat | 4 6 7 8 |  8.0
Fighting       | |  1.1
Dodging        | |  1.7
Shapeshifting  | |  3.0

Action                     |  1- 3 |  4- 6 || total
---------------------------+-------+-------++-------
  Melee: Unarmed           |   100 |   133 ||   233
         Punch             |     2 |       ||     2
         Tailslap          |     9 |    14 ||    23
    Use: Potion            |       |     1 ||     1
         Scroll            |       |     4 ||     4
 Armour: Skin              |    52 |    79 ||   131
  Dodge: Dodged            |    45 |    65 ||   110
         Repelled          |     1 |     1 ||     2
  Block: Buckler           |     7 |    24 ||    31

Table legend: (Time is in decaauts)
 A = Elapsed time spent in this place.
 B = Non-inter-level travel time spent in this place.
 C = Inter-level travel time spent in this place.
 D = Time resting spent in this place.
 E = Time spent auto-exploring this place.
 F = Levels seen in this place.
 G = Mean time per level.
                   A        B        C        D        E       F      G
               +--------+--------+--------+--------+--------+-----+--------+
         Total |   3117 |   3028 |     89 |     40 |   2432 |   5 |  623.4 |
       Dungeon |   3023 |   2934 |     89 |     40 |   2381 |   4 |  755.8 |
       Ossuary |     93 |     93 |      0 |      0 |     51 |   1 |   93.0 |
               +--------+--------+--------+--------+--------+-----+--------+

Top non-repeatable levels by time:
     D:2: 1266 daAuts
     D:1: 717 daAuts
     D:3: 579 daAuts
     D:4: 460 daAuts
 Ossuary: 93 daAuts
